 Dungeon Crawl Stone Soup version 0.30-a0-304-gdc4b735fe1 (webtiles) character file.

Game seed: 113792947697504548

61 plokij the Covered (level 3, 0/33 HPs)
             Began as a Minotaur Fighter on Oct 20, 2022.
             Slain by an adder (3 damage)
             ... on level 4 of the Dungeon.
             The game lasted 00:03:21 (1404 turns).

plokij the Covered (Minotaur Fighter)               Turns: 1404, Time: 00:03:21

Health: 0/33       AC:  7    Str: 20    XL:     3   Next: 83%
Magic:  2/2        EV:  9    Int:  5    God:
Gold:   136        SH:  4    Dex: 11    Spells: 2/2 levels left

rFire   . . .      SeeInvis .    a - +0 long sword
rCold   . . .      Faith    .    c - +0 buckler
rNeg    . . .      Spirit   .    b - +0 scale mail
rPois   .          Reflect  .    (helmet restricted)
rElec   .          Harm     .    (no cloak)
rCorr   .          Rampage  .    (no gloves)
Will    .....                    (no boots)
Stlth   ..........               (no amulet)
HPRegen 0.25/turn                (no ring)
MPRegen 0.08/turn                (no ring)

@: no status effects
A: horns 2, retaliatory headbutt
a: no special abilities


You were on level 4 of the Dungeon.
You visited 1 branch of the dungeon, and saw 3 of its levels.

You collected 136 gold pieces.

Inventory:

Hand Weapons
 a - a +0 long sword (weapon)
Armour
 b - a +0 scale mail (worn)
 c - a +0 buckler (worn)
Jewellery
 h - a ring of fire
Scrolls
 f - 7 scrolls of identify {unknown}
 i - a scroll of teleportation {unknown}
 j - a scroll of immolation {unknown}
 l - a scroll of amnesia {unknown}
 o - a scroll of butterflies {unknown}
 p - a scroll of poison {unknown}
 q - a scroll of enchant armour {unknown}
Potions
 d - a potion of might
 e - 2 potions of attraction {unknown}
 g - a potion of heal wounds {unknown}
 k - a potion of degeneration {unknown}
 m - 3 potions of curing {unknown}
 n - a potion of lignification {unknown}


   Skills:
 + Level 4.0 Fighting
 * Level 3.5 Long Blades
 + Level 4.1 Armour
 + Level 1.2 Dodging
 + Level 4.0 Shields


You had 2 spell levels left.
You didn't know any spells.
Your spell library contained the following spells:

 Spells                   Type           Power      Damage    Failure   Level
 Animate Armour           Summ/Erth      0%         N/A       100%        4
 Alistair's Intoxication  Tmut/Pois      0%         N/A       100%        5
 Borgnjor's Vile Clutch   Necr/Erth      0%         N/A       100%        5
 Eringya's Noxious Bog    Tmut/Pois      0%         N/A       100%        6
 Summon Cactus Giant      Summ           0%         N/A       100%        6
 Summon Hydra             Summ           0%         N/A       100%        7


Dungeon Overview and Level Annotations

Branches:
Dungeon (4/15)
 Temple: D:4-7

Altars:
Yredelemnul

Annotations:
D:4 Duvessa, Sigmund


Innate Abilities, Weirdness & Mutations

You have a pair of horns on your head.
You reflexively headbutt those who attack you in melee.


Message History

You kill the adder!
Found 2 metallic red potions.
m - 3 metallic red potions (gained 2) Sigmund the Dreaded comes into view.
He is wielding a +0 scythe.
Sigmund shouts!
Sigmund gestures at you while chanting. The magic dart hits you!
Sigmund mumbles some strange words.
Sigmund flickers and vanishes!
Deactivating autopickup; reactivate with Ctrl-A.
Duvessa, Sister of Dowan comes into view.
She is wielding a +0 short sword.
Duvessa shouts!
Something hits you but does no damage.
Duvessa is nearby!
Duvessa is nearby!
Duvessa is nearby!
Duvessa is nearby!
Duvessa gestures with her weapon.
A puff of flame appears from out of thin air!
The puff of flame hits you!
A puff of flame appears from out of thin air!
The puff of flame hits you!
Duvessa gestures with her weapon.
As you open the door, it creaks loudly!
You hear an angry hiss.
You hear a shout!
Found 11 gold pieces.
An adder and an orc come into view.
The adder hisses angrily.
The orc shouts!
There is an open door here.
You block the adder's attack. The adder barely misses you.
The adder barely misses you. The orc barely misses you.
The adder bites you but does no damage. The orc barely misses you.
You block the adder's attack. You block the orc's attack.
You miss the adder. Your headbutt misses the adder.
The adder bites you but does no damage. The orc hits you with a +0 hand axe.
The adder bites you but does no damage. Something hits you!
* * * LOW HITPOINT WARNING * * *
You miss the adder. The adder bites you.
You die...

#.....#...$#
#.....#....#
#.....#....#
#.....'....#
#.....#....#
#.....#....#
#...e.#.e{.#
#.....#..oS#
#.....#...@#
#.....#....#
#.....#....#
#.....#....#
#.....#....#
#.....######
#.....#
#.....#
#.....#


You could see Duvessa, an adder and an orc.

Vanquished Creatures
  2 adders
  A dart slug (D:2)
  5 endoplasms
  2 giant cockroaches
  2 goblins (D:1)
  5 hobgoblins
  3 jackals (D:1)
  A quokka (D:1)
  4 ball pythons
  6 bats
  2 frilled lizards
  A kobold (D:1)
  4 rats
38 creatures vanquished.

Notes
Turn   | Place    | Note
-------+----------+-------------------------------------------
     0 | D:1      | plokij the Minotaur Fighter began the quest for the Orb.
     0 | D:1      | Reached XP level 1. HP: 19/19 MP: 0/0
   290 | D:1      | Reached XP level 2. HP: 27/27 MP: 1/1
   521 | D:1      | Found a faded altar of an unknown god.
   538 | D:1      | Reached XP level 3. HP: 33/33 MP: 2/2
   717 | D:2      | Got Mnoleg's Vellum of Mustering
   731 | D:2      | Reached skill level 1 in Dodging
  1097 | D:2      | Found a basalt altar of Yredelemnul.
  1326 | D:2      | You fall into a shaft and drop 2 floors!
  1374 | D:4      | Noticed Sigmund
  1384 | D:4      | Noticed Duvessa
  1404 | D:4      | Slain by an adder

Illustrated notes

Levels and vault maps discovered:
D:1:      dpeg_arrival_snail, layout_basic,
          shapermc_ecumenical_altar_mp_ritualfount
D:2:      layout_loops_corners, basic_altar, palyth_stone_intersect
D:4:      layout_gridville, mainiacjoe_overflow_brackets, uniq_sigmund,
          uniq_eustachio, uniq_duvessa

Skill      XL: |  1  2  3 |
---------------+----------+-----
Long Blades    | 3 |  3.5
Dodging        | 1 |  1.2
Armour         | 4 |  4.1
Fighting       | 4 |  4.0
Shields        | 4 |  4.0

Action                   || total
-------------------------++-------
Melee: Long sword        ||    96
       Headbutt          ||     9
Armor: Scale mail        ||    59
Dodge: Dodged            ||    58
Block: Buckler           ||    25

Table legend: (Time is in decaauts)
 A = Elapsed time spent in this place.
 B = Non-inter-level travel time spent in this place.
 C = Inter-level travel time spent in this place.
 D = Time resting spent in this place.
 E = Time spent auto-exploring this place.
 F = Levels seen in this place.
 G = Mean time per level.
                   A        B        C        D        E       F      G
               +--------+--------+--------+--------+--------+-----+--------+
         Total |   1429 |   1271 |    158 |      0 |    927 |   3 |  476.3 |
       Dungeon |   1429 |   1271 |    158 |      0 |    927 |   3 |  476.3 |
               +--------+--------+--------+--------+--------+-----+--------+

Top non-repeatable levels by time:
     D:1: 707 daAuts
     D:2: 642 daAuts
     D:4: 79 daAuts
